Cogmind - Beta 10.2 --- EXPLORER MODE // 2021.01.03 @ 13:11:43 Player: Luigi Panache Result: Destroyed by X-82 Rainmaker with Heavy Flak Cannon Performance ------------- Evolutions (8) 4000 Regions Visited (23) 4600 Robots Destroyed (172) 860 Value Destroyed (6558) 6558 Prototype IDs (33) 660 Alien Tech Used (5) 1000 Bonus (4325) 4325 TOTAL SCORE: 22003 Bonus ------- High Alert Combat Kills 122 Follower Combat Kills 1203 Network Hubs Disabled 200 Met Zhirov 300 Scanned by Researcher 500 Acquired SGEMP 2000 Cogmind --------- Core Integrity 0/1450 Matter 300/300 Energy 68/100 System Corruption 6% Temperature Cool (0) Movement Core (50) Location -2/Testing Parts ------- > --- POWER (2) -------- (None) > --- PROPULSION (5) --- (None) > --- UTILITY (14) ----- Advanced Terrain Scan Processor > --- WEAPON (3) ------- Plasma Lance > --- INVENTORY (4) ---- SGEMP Prototype Peak State ------------ > --- POWER ------------ Neutrino Core Micro Fission Core > --- PROPULSION ------- Xenon Bombardment Thruster Field Propulsion Array Field Propulsion Array > --- UTILITY ---------- Advanced Coolant Injector Advanced Terrain Scan Processor Advanced Targeting Computer Advanced Targeting Computer Advanced Armor Integrity Analyzer Advanced ECM Suite Experimental Power Shielding Improved Medium Armor Plating Phase Armor System Shield > --- WEAPON ----------- Railgun Improved KE Penetrator Enhanced Gauss Cannon > --- INVENTORY -------- Field Propulsion Array Field Propulsion Array [Rating: 137] Favorites ----------- Power Improved Ion Engine Engine Improved Ion Engine Power Core Micro Fission Core Reactor Light Antimatter Reactor Propulsion Xenon Bombardment Thruster Treads Light Treads Leg Biometal Leg Wheel Armored Huge Wheel Hover Unit Antigrav System Flight Unit Xenon Bombardment Thruster Utility Improved Heat Sink Device Improved Heat Sink Storage High-capacity Storage Unit Processor Advanced Terrain Scan Processor Hackware Hacking Suite Protection Medium Armor Plating Artifact Phase Armor Weapon Heavy EM Shotgun Energy Gun Heavy EM Shotgun Energy Cannon Cooled Particle Cannon Ballistic Gun Flak Gun Ballistic Cannon Enhanced Gauss Cannon Launcher Rocket Array Special Weapon Stasis Projector Impact Weapon Heavy Flail Slashing Weapon Ripper Piercing Weapon Plasma Lance Special Melee Weapon Datajack Build | -11 -10 -10 -10 -9 -8 -7 -6 -6 -6 -5 -5 -5 -5 -5 -4 -4 -4 -4 -3 -3 -3 -2 -2 ------- Run | Scr Mat Min Exi Min Mat Fac Fac Low Low Fac Ext Cet Arc Hub Fac Upp Upp Zhi Pro Res Qua Res Tes Slots Evolved 17 | . 1 . . . 4 2 2 . . 2 . . . . 2 . . . . 2 . 2 . Power 1 | . . . . . . . . . . 1 . . . . . . . . . . . . . Propulsion 3 | . . . . . . . 2 . . 1 . . . . . . . . . . . . . Utility 12 | . 1 . . . 3 2 . . . . . . . . 2 . . . . 2 . 2 . Weapon 1 | . . . . . 1 . . . . . . . . . . . . . . . . . . Parts Attached 284 | 2 8 1 1 . 32 35 30 . . 12 20 1 . 18 36 23 10 6 12 14 10 2 11 Power 25 | . 1 . . . 1 2 3 . . 5 . 1 . 1 3 4 . 1 1 1 1 . . Engine 5 | . 1 . . . 1 2 1 . . . . . . . . . . . . . . . . Core 14 | . . . . . . . 2 . . 5 . 1 . 1 . 2 . . 1 1 1 . . Reactor 6 | . . . . . . . . . . . . . . . 3 2 . 1 . . . . . Propulsion 78 | 2 1 . . . 7 2 6 . . 1 14 . . 6 7 6 3 . 8 8 2 1 4 Treads 25 | 2 1 . . . 7 2 2 . . . . . . 4 4 3 . . . . . . . Leg 1 | . . . . . . . . . . . . . . . . . . . . . . . 1 Wheel 1 | . . . . . . . . . . . . . . 1 . . . . . . . . . Hover 10 | . . . . . . . . . . . 9 . . 1 . . . . . . . . . Flight 41 | . . . . . . . 4 . . 1 5 . . . 3 3 3 . 8 8 2 1 3 Utility 80 | . 4 1 1 . 10 10 8 . . 2 2 . . 4 12 5 5 4 1 2 4 1 4 Device 38 | . 1 . . . 8 4 4 . . 1 . . . 2 8 5 1 2 . 1 . . 1 Storage 8 | . 2 . 1 . . . 1 . . . 1 . . . 1 . 2 . . . . . . Processor 11 | . . . . . . 1 1 . . 1 1 . . 1 1 . 1 . 1 1 1 1 . Hackware 5 | . . . . . . 2 . . . . . . . . 1 . 1 1 . . . . . Protection 16 | . 1 1 . . 2 3 2 . . . . . . 1 1 . . 1 . . 1 . 3 Artifact 2 | . . . . . . . . . . . . . . . . . . . . . 2 . . Weapon 101 | . 2 . . . 14 21 13 . . 4 4 . . 7 14 8 2 1 2 3 3 . 3 Energy Gun 35 | . 2 . . . 11 11 4 . . . . . . . 3 2 1 . . . 1 . . Energy Cannon 13 | . . . . . 1 . . . . 1 . . . 3 5 1 . 1 1 . . . . Ballistic Gun 30 | . . . . . 1 4 4 . . 2 1 . . 4 4 4 1 . 1 3 1 . . Ballistic Cannon 2 | . . . . . . . . . . . . . . . . 1 . . . . 1 . . Launcher 7 | . . . . . . 2 1 . . . 2 . . . 2 . . . . . . . . Special Weapon 1 | . . . . . . . . . . . . . . . . . . . . . . . 1 Impact Weapon 7 | . . . . . . 1 4 . . 1 1 . . . . . . . . . . . . Slashing Weapon 3 | . . . . . . 2 . . . . . . . . . . . . . . . . 1 Piercing Weapon 1 | . . . . . . . . . . . . . . . . . . . . . . . 1 Special Melee Weapon 2 | . . . . . 1 1 . . . . . . . . . . . . . . . . . Unidentified Prototypes 25 | . . . . . 3 3 . . . . . . . 1 5 . . 4 . 2 4 . 3 Parts Lost 99 | . . . . . 1 1 2 . . 1 4 4 7 2 19 11 5 . 6 5 12 1 18 Power 9 | . . . . . . . . . . 1 . 1 1 . 2 1 1 . . . 1 . 1 Propulsion 36 | . . . . . . . . . . . 3 1 2 2 6 3 2 . 3 4 4 . 6 Utility 28 | . . . . . . 1 . . . . 1 2 2 . 3 3 1 . 2 . 3 1 9 Weapon 26 | . . . . . 1 . 2 . . . . . 2 . 8 4 1 . 1 1 4 . 2 Highest Loss Streak 13 | . . . . . 1 1 2 . . 1 3 2 9 1 9 6 5 . 3 5 10 1 13 Average Slot Usage (%) 83 | . 96 100 89 87 89 90 92 93 93 88 77 79 64 54 79 49 64 40 64 68 69 37 24 Engine 4 | . 12 12 12 12 8 7 4 . . . . . . . . . . . . . . . . Core 2 | . . . . . . . 1 6 6 9 5 5 3 . 3 4 5 5 8 8 8 4 . Treads 10 | . 24 25 25 25 15 13 . . . . . . . 5 19 6 9 . . . . . . Flight 6 | . . . . . . . 24 25 25 27 15 . . . . 2 . 10 18 19 11 7 3 Device 12 | . 9 2 . . 23 13 16 12 12 11 11 5 . 4 16 15 18 6 5 6 8 4 2 Storage 10 | . 18 25 24 25 16 14 6 6 6 5 5 5 5 5 4 . 5 . . . . . . Processor 7 | . . . . . . 2 11 12 12 11 15 16 16 18 11 5 7 10 14 17 18 18 16 Hackware 5 | . . . . . . 9 12 12 12 11 6 5 5 . 1 . . 6 8 4 4 3 . Protection 4 | . 6 9 2 . . 8 1 6 6 5 5 5 3 . 6 . . 1 5 4 7 . 1 Energy Gun 9 | . 25 25 25 25 23 13 1 . . . . . . . 3 2 . . . . . . . Ballistic Gun 3 | . . . . . . 4 7 12 12 3 . . . 9 4 7 13 . 2 2 6 . . Impact Weapon 1 | . . . . . . . 3 . . 3 4 5 5 . . . . . . . . . . Naked Turns 22 | . . . . . . . . . . . . . . . 22 . . . . . . . . Heaviest Build 151 | 16 62 68 125 125 140 151 136 28 28 35 52 52 50 60 87 45 124 10 30 36 52 6 23 Greatest Support 155 | 40 40 40 40 40 45 45 85 30 28 35 64 64 64 56 155 58 58 10 35 53 53 50 59 Greatest Overweight (x) 15 | . 1 1 3 3 6 6 1 1 . 1 3 1 1 15 1 8 2 . 4 2 6 . . Average Overweight (x) . | . . 1 2 3 2 3 . . . . . . . 2 . . . . . . . . . Largest Inventory Capacity 32 | 8 18 18 32 32 32 32 32 8 8 8 12 12 12 12 12 4 24 4 4 4 4 4 4 Average Capacity 17 | 8 13 18 28 32 32 32 8 8 8 8 8 12 12 12 11 4 11 4 4 4 4 4 4 Most Carried 32 | 7 18 18 21 24 32 32 31 8 8 8 10 10 10 10 12 4 6 4 4 4 4 . 3 Average Carried 15 | 7 10 17 19 23 29 31 8 7 8 7 8 10 10 9 9 3 4 3 3 3 3 . 1 Final Capacity 32 | 8 18 18 32 32 32 32 8 8 8 8 12 12 12 12 4 4 4 4 4 4 4 4 4 Final Carried 32 | 7 18 18 21 24 32 32 7 8 8 8 10 10 10 10 4 4 4 4 4 3 . . 2 Class Distribution -------------------- 26% | Hacker-Mutant 24% | Hacker-Scout 10% | Hauler-Mutant 9% | Hauler-Tank 7% | Scavenger-Gunner 6% | Hauler-Skirmisher 3% | Hacker-Skirmisher 3% | Hacker-Gunner Dominant Class ---------------- Hacker-Mutant | -10/Materials Hacker-Mutant | -10/Mines Hauler-Mutant | -10/Exiles Hauler-Mutant | -9/Mines Hauler-Skirmisher | -8/Materials Hauler-Tank | -7/Factory Hacker-Scout | -6/Factory Hacker-Scout | -6/Lower Caves Hacker-Scout | -6/Lower Caves Hacker-Scout | -5/Factory Hacker-Scout | -5/Extension Hacker-Mutant | -5/Cetus Hacker-Mutant | -5/Archives Hacker-Gunner | -5/Hub_04(d) Scavenger-Tank | -4/Factory Scavenger-Gunner | -4/Upper Caves Scavenger-Gunner | -4/Upper Caves Hacker-Mutant | -4/Zhirov Scavenger-Sprinter | -3/Proximity Caves Scavenger-Sprinter | -3/Research Hacker-Mutant | -3/Quarantine Hacker-Mutant | -2/Research Hacker-Mutant | -2/Testing Resources | -11 -10 -10 -10 -9 -8 -7 -6 -6 -6 -5 -5 -5 -5 -5 -4 -4 -4 -4 -3 -3 -3 -2 -2 ----------- Run | Scr Mat Min Exi Min Mat Fac Fac Low Low Fac Ext Cet Arc Hub Fac Upp Upp Zhi Pro Res Qua Res Tes Matter Collected 4376 | 220 104 169 . 32 274 577 369 . . . 211 74 . 634 568 387 59 . 245 38 148 149 118 Remotely . | . . . . . . . . . . . . . . . . . . . . . . . . Salvage Created 7473 | . 169 200 . . 1360 1969 567 . . . 220 104 . 556 1624 305 . . 182 149 . . 68 Parts 368 | . 18 14 . . 74 76 30 . . . 12 14 . 19 70 23 . . 9 8 . . 1 Haulers Intercepted 10 | . 1 . . . 4 3 . . . . . . . 1 1 . . . . . . . . Recyclers Shooed 2 | . 1 . . . . . 1 . . . . . . . . . . . . . . . . Parts Field Recycled . | . . . . . . . . . . . . . . . . . . . . . . . . Retrieved Matter . | . . . . . . . . . . . . . . . . . . . . . . . . Parts Self-Destructed . | . . . . . . . . . . . . . . . . . . . . . . . . Prevented . | . . . . . . . . . . . . . . . . . . . . . . . . Kills | -11 -10 -10 -10 -9 -8 -7 -6 -6 -6 -5 -5 -5 -5 -5 -4 -4 -4 -4 -3 -3 -3 -2 -2 ------- Run | Scr Mat Min Exi Min Mat Fac Fac Low Low Fac Ext Cet Arc Hub Fac Upp Upp Zhi Pro Res Qua Res Tes Combat Hostiles Destroyed 128 | . 4 8 . . 18 29 9 . . . 8 4 . 6 25 7 . . 5 4 . . 1 Melee 5 | . . . . . . . 3 . . . . . . . . 1 . . . . . . 1 Guns 80 | . 4 8 . . 16 22 2 . . . . . . 6 11 3 . . 4 4 . . . Cannons 14 | . . . . . . . . . . . . . . . 10 3 . . 1 . . . . AOE 22 | . . . . . . 3 4 . . . 8 3 . . 4 . . . . . . . . Classes Destroyed 14 | . 4 1 . . 6 1 . . . . . . . 1 . 1 . . . . . . . Worker 7 | . 1 . . . 2 1 . . . . . . . . 3 . . . . . . . . Builder 3 | . . . . . 1 . . . . . 1 . . . 1 . . . . . . . . Hauler 10 | . 1 . . . 4 3 . . . . . . . 1 1 . . . . . . . . Recycler 9 | . . . . . 1 5 1 . . . . . . . 2 . . . . . . . . Operator 3 | . . . . . 2 . . . . . 1 . . . . . . . . . . . . Watcher 12 | . 3 . . . 5 1 1 . . . 1 1 . . . . . . . . . . . Swarmer 43 | . 4 4 . . . 5 2 . . . 7 2 . . 6 4 . . 5 4 . . . Grunt 49 | . . 4 . . 9 17 3 . . . . . . 3 12 . . . . . . . 1 Brawler 1 | . . . . . . . . . . . . . . 1 . . . . . . . . . Duelist 2 | . . . . . 1 . . . . . . . . . 1 . . . . . . . . Sentry 15 | . . . . . 7 4 1 . . . . . . 2 1 . . . . . . . . Hunter 4 | . . . . . 1 . . . . . 1 1 . . . 1 . . . . . . . Programmer 12 | . . . . . . 3 3 . . . . . . . 5 1 . . . . . . . Cetus Guard 1 | . . . . . . . . . . . . 1 . . . . . . . . . . . Mutant 1 | . . . . . . . . . . . . . . . . 1 . . . . . . . Best Kill Streak 14 | . 4 2 . . 5 6 4 . . . 5 3 . 4 14 3 . . 3 4 . . 1 Combat Bots Only 9 | . 2 2 . . 4 6 3 . . . 5 3 . 4 9 3 . . 3 4 . . 1 Max Kills in Single Turn 3 | . 2 1 . . 2 2 2 . . . 3 3 . 1 3 2 . . 1 1 . . 1 Gunslinging . | . . . . . . . . . . . . . . . . . . . . . . . . Exploded 3 | . . . . . . 2 2 . . . 3 3 . . 2 . . . . . . . . Melee 1 | . . . . . . . 1 . . . . . . . . 1 . . . . . . 1 Uniques/NPCs Destroyed . | . . . . . . . . . . . . . . . . . . . . . . . . Combat | -11 -10 -10 -10 -9 -8 -7 -6 -6 -6 -5 -5 -5 -5 -5 -4 -4 -4 -4 -3 -3 -3 -2 -2 -------- Run | Scr Mat Min Exi Min Mat Fac Fac Low Low Fac Ext Cet Arc Hub Fac Upp Upp Zhi Pro Res Qua Res Tes Damage Taken 15273 | . 30 87 . . 476 1057 440 22 . 125 353 286 293 791 3361 1207 761 . 343 718 1863 158 2902 Core 3701 | . 6 . . . 47 88 124 . . 11 130 67 72 91 510 385 103 . 96 205 314 71 1381 Absorbed by Shields 59 | . . . . . . . . . . . 55 . . . . . . . . . . 4 . Core Remaining (%) 72 | 100 . . . 97 91 87 . . 85 . . . . 62 . . . . 4 . 54 . . Volleys Fired 316 | . 13 13 . . 48 58 13 . . 1 4 7 . 26 75 12 12 . 20 5 9 . . Largest 3 | . 2 2 . . 3 3 3 . . 1 1 1 . 3 3 3 3 . 1 2 3 . . Hottest 300 | . 130 130 . . 193 150 128 . . 90 45 45 . 96 300 215 95 . 81 70 127 . . Shots Fired 728 | . 26 26 . . 140 149 26 . . 1 4 7 . 78 172 21 36 . 20 10 12 . . Gun 607 | . 26 26 . . 140 148 25 . . . . . . 78 84 12 36 . 13 10 9 . . Cannon 93 | . . . . . . . . . . 1 . . . . 73 9 . . 7 . 3 . . Launcher 28 | . . . . . . 1 1 . . . 4 7 . . 15 . . . . . . . . Special . | . . . . . . . . . . . . . . . . . . . . . . . . Kinetic 248 | . . . . . . 40 11 . . . . . . 78 45 4 36 . 13 10 11 . . Thermal 296 | . 26 26 . . 114 11 . . . 1 . . . . 112 5 . . . . 1 . . Explosive 13 | . . . . . . 1 1 . . . 4 7 . . . . . . . . . . . Electromagnetic 171 | . . . . . 26 97 14 . . . . . . . 15 12 . . 7 . . . . Robot Hit Streak 52 | . 8 11 . . 26 45 19 . . . 8 33 . 24 23 9 21 . 41 51 52 . . Robot Miss Streak 5 | . 1 1 . . 2 5 3 . . . 3 1 . 2 2 2 1 . . . . . . Penetration Max . | . . . . . . . . . . . . . . . . . . . . . . . . Secondary Targets 10 | . . 1 . . 2 3 . . . . . . . 1 2 . . . . 1 . . . Max Gunslinging Chain 1 | . . 1 . . 1 1 . . . . . . . 1 1 . . . . 1 . . . Shots Hit Robots 626 | . 17 21 . . 112 138 36 . . 3 15 7 . 66 132 13 34 . 20 10 1 . 1 Core Hits 444 | . 10 10 . . 59 108 33 . . 1 17 34 . 53 75 18 2 . 10 8 2 . 4 Critical Hits 21 | . . . . . 1 3 . . . . . . . 7 4 1 4 . 1 . . . . Critical Kills 5 | . . . . . . 1 . . . . . . . 1 1 1 . . 1 . . . . Critical Parts Destroyed 11 | . . . . . 1 2 . . . . . . . 5 3 . . . . . . . . Melee Attacks 57 | . . . . . . 17 24 . . 3 12 . . . . . . . . . . . 1 Impact 54 | . . . . . . 15 24 . . 3 12 . . . . . . . . . . . . Slashing 2 | . . . . . . 2 . . . . . . . . . . . . . . . . . Piercing 1 | . . . . . . . . . . . . . . . . . . . . . . . 1 Sneak Attacks 3 | . . . . . . . . . . . 3 . . . . . . . . . . . . Combat Hostiles 1 | . . . . . . . . . . . 1 . . . . . . . . . . . . Follow-up Attacks . | . . . . . . . . . . . . . . . . . . . . . . . . Damage Inflicted 17192 | . 273 335 . . 2014 3259 1366 . . 85 916 738 . 1232 4926 396 866 . 422 257 37 . 70 Guns 10008 | . 235 320 . . 1930 2580 453 . . . . . . 1159 1657 210 866 . 314 251 33 . . Cannons 2554 | . . . . . . . . . . . . . . . 2305 141 . . 108 . . . . Explosions 2831 | . . . . . 72 216 489 . . . 410 738 . . 906 . . . . . . . . Melee 1466 | . . . . . . 404 424 . . 85 506 . . . . . . . . . . . 47 Ramming 333 | . 38 15 . . 12 59 . . . . . . . 73 58 45 . . . 6 4 . 23 Kinetic 3993 | . . . . . . 618 125 . . . . . . 1159 601 59 866 . 314 251 . . . Thermal 6436 | . 235 320 . . 1560 414 274 . . . . . . . 3518 82 . . . . 33 . . Explosive 1495 | . . . . . . 80 155 . . . 410 738 . . 112 . . . . . . . . Electromagnetic 3469 | . . . . . 442 1684 388 . . . . . . . 637 210 . . 108 . . . . Impact 1419 | . . . . . . 404 424 . . 85 506 . . . . . . . . . . . . Slashing . | . . . . . . . . . . . . . . . . . . . . . . . . Piercing 47 | . . . . . . . . . . . . . . . . . . . . . . . 47 Highest Corruption 24 | . 3 3 3 3 1 4 1 1 1 . 1 3 3 8 1 1 1 1 1 . 24 4 6 Average Corruption 2 | . 1 3 3 3 1 1 1 1 1 . 1 1 3 6 1 1 1 1 1 . 17 3 4 Corruption Purged . | . . . . . . . . . . . . . . . . . . . . . . . . Effects 109 | . 4 15 12 6 1 13 2 3 1 . 1 1 . 20 4 6 . . 2 . 18 . . Message Errors 29 | . 2 4 4 1 1 3 2 1 . . 1 . . 5 1 2 . . . . 2 . . Matter Fused 13 | . . 6 1 3 . 1 . . . . . . . 1 . . . . . . 1 . . Heat Flow Errors 11 | . . 2 . 1 . 3 . . . . . 1 . 3 . . . . . . 1 . . Energy Discharges 18 | . 1 3 5 1 . 3 . 2 . . . . . 1 . 1 . . 1 . . . . Parts Rejected 2 | . . . . . . . . . . . . . . 1 . . . . . . 1 . . Data Loss (minor) 12 | . 1 . 2 . . 2 . . 1 . . . . 2 1 3 . . . . . . . Data Loss (major) 1 | . . . . . . . . . . . . . . . . . . . . . 1 . . Misdirections 9 | . . . . . . . . . . . . . . . . . . . . . 9 . . Targeting Errors 10 | . . . . . . 1 . . . . . . . 7 1 . . . 1 . . . . Weapon Failures 4 | . . . . . . . . . . . . . . . 1 . . . . . 3 . . Overload Shots 32 | . . . . . . . . . . . . . . . 32 . . . . . . . . Effects 5 | . . . . . . . . . . . . . . . 5 . . . . . . . . Short Circuit 2 | . . . . . . . . . . . . . . . 2 . . . . . . . . Meltdown 3 | . . . . . . . . . . . . . . . 3 . . . . . . . . Overflow Damage 600 | . . . . . . 86 12 . . . 222 5 . . 275 . . . . . . . . Projectiles 245 | . . . . . . . . . . . . . . . 245 . . . . . . . . Explosions 44 | . . . . . . . 11 . . . . 5 . . 28 . . . . . . . . Melee 311 | . . . . . . 86 1 . . . 222 . . . 2 . . . . . . . . Knockbacks 9 | . . 1 . . . 4 1 . . . 2 . . . . . . . . . . . 1 Impact 9 | . . 1 . . . 4 1 . . . 2 . . . . . . . . . . . 1 Kinetic . | . . . . . . . . . . . . . . . . . . . . . . . . Secondary . | . . . . . . . . . . . . . . . . . . . . . . . . Self-Inflicted Damage 338 | . . . . . 10 70 111 . . . 18 18 . 98 . . . . . 3 . . 10 Shots 11 | . . . . . 1 2 4 . . . 1 2 . 1 . . . . . . . . . Rammed 64 | . 4 4 . . . 4 . . . . . . . 12 5 23 . . . 1 6 . 5 Targets Rammed 67 | . 4 4 . . 1 4 . . . . . . . 12 5 24 . . . 1 6 . 6 Kicked 1 | . . . . . . . . . . . . . . . . . . . . . . . 1 Crushed 2 | . . . . . 1 . . . . . . . . . . 1 . . . . . . . Highest Temperature 438 | . 144 438 . 252 320 204 80 . . 60 . 216 2 203 199 51 . . 18 . 113 . . Average Temperature 85 | . 45 149 . 133 74 22 33 . . 16 . 212 1 103 118 27 . . 6 . 71 . . Received Heat Transfer 2677 | . . 51 . . 270 390 123 6 . 18 91 27 81 345 936 45 117 . . 90 24 . 63 Effects 6 | . . . . . 6 . . . . . . . . . . . . . . . . . . Interference 5 | . . . . . 5 . . . . . . . . . . . . . . . . . . Damage (minor) 1 | . . . . . 1 . . . . . . . . . . . . . . . . . . Siege Activations . | . . . . . . . . . . . . . . . . . . . . . . . . Robots Corrupted 3 | . . . . . . 3 . . . . . . . . . . . . . . . . . Combat Hostiles 3 | . . . . . . 3 . . . . . . . . . . . . . . . . . Parts Fried 26 | . . . . . 3 15 1 . . . 3 . . . 3 1 . . . . . . . Impact Corruptions 18 | . . . . . . 7 1 . . . 9 . . . 1 . . . . . . . . Robots Melted 2 | . . . . . 2 . . . . . . . . . . . . . . . . . . Combat Hostiles 2 | . . . . . 2 . . . . . . . . . . . . . . . . . . Parts Melted 24 | . 1 3 . . 10 . . . . . . . . . 10 . . . . . . . . Heat Transferred 9170 | . 666 703 . . 3615 335 200 . . . . . . . 3564 50 . . . . 37 . . Parts Sabotaged . | . . . . . . . . . . . . . . . . . . . . . . . . Parts Stolen . | . . . . . . . . . . . . . . . . . . . . . . . . Parts Stripped . | . . . . . . . . . . . . . . . . . . . . . . . . Power Chain Reactions 7 | . . . . . 1 3 2 . . . . . . . 1 . . . . . . . . Missiles Intercepted . | . . . . . . . . . . . . . . . . . . . . . . . . Alert | -11 -10 -10 -10 -9 -8 -7 -6 -6 -6 -5 -5 -5 -5 -5 -4 -4 -4 -4 -3 -3 -3 -2 -2 ------- Run | Scr Mat Min Exi Min Mat Fac Fac Low Low Fac Ext Cet Arc Hub Fac Upp Upp Zhi Pro Res Qua Res Tes Peak Influence 588 | . 203 150 . 7 315 290 157 . . 45 518 350 142 262 588 . . . . 381 245 120 165 Initial 160 | . . . . . 1 . 16 . . . 12 91 92 19 70 . . . . 41 160 43 50 Average 89 | . 51 41 . 6 90 69 38 . . 14 154 165 103 98 228 . . . . 187 168 71 97 Maximum Alert Level 2 | . 1 . . . 1 1 . . . . 2 1 . 1 2 . . . . 1 1 . . Low Security (%) 85 | 100 84 100 . 100 86 90 100 . . 100 54 85 100 93 62 . . . . 65 66 100 100 Level 1 13 | . 15 . . . 13 9 . . . . 42 14 . 6 18 . . . . 34 33 . . Level 2 1 | . . . . . . . . . . . 3 . . . 19 . . . . . . . . Level 3 . | . . . . . . . . . . . . . . . . . . . . . . . . Level 4 . | . . . . . . . . . . . . . . . . . . . . . . . . Level 5 . | . . . . . . . . . . . . . . . . . . . . . . . . High Security . | . . . . . . . . . . . . . . . . . . . . . . . . Max Security . | . . . . . . . . . . . . . . . . . . . . . . . . Squads Dispatched 40 | . . . . . 3 9 4 . . . 6 1 . 1 7 . . . . 2 4 . 3 Investigation 13 | . . . . . 2 3 1 . . . 3 1 . . . . . . . 1 1 . 1 Extermination 9 | . . . . . . 3 2 . . . . . . . 2 . . . . 1 1 . . Reinforcement 16 | . . . . . 1 2 1 . . . 3 . . 1 4 . . . . . 2 . 2 Assault 1 | . . . . . . . . . . . . . . . 1 . . . . . . . . Garrison 1 | . . . . . . 1 . . . . . . . . . . . . . . . . . Intercept . | . . . . . . . . . . . . . . . . . . . . . . . . Construction Impeded 5 | . . . . . . . . . . . 1 . . . 3 . . . . . 1 . . Haulers Reinforced 3 | . . . . . . 1 . . . . . . . 1 1 . . . . . . . . Stealth | -11 -10 -10 -10 -9 -8 -7 -6 -6 -6 -5 -5 -5 -5 -5 -4 -4 -4 -4 -3 -3 -3 -2 -2 --------- Run | Scr Mat Min Exi Min Mat Fac Fac Low Low Fac Ext Cet Arc Hub Fac Upp Upp Zhi Pro Res Qua Res Tes Distress Signals 18 | . . . . . 1 . . . . . 2 1 . 2 7 . . . . 1 3 . 1 Communications Jammed . | . . . . . . . . . . . . . . . . . . . . . . . . Distress Signals . | . . . . . . . . . . . . . . . . . . . . . . . . Times Spotted 303 | . 9 8 . . 31 34 18 1 . 2 28 11 4 12 51 12 2 . 8 18 22 8 24 Peak Tracking Total 20 | . 3 2 . . 4 3 4 1 . 2 5 5 4 8 15 6 2 . 3 5 12 5 20 Tactical Retreats 30 | . . . . . . 3 2 1 . . 6 . . 2 4 2 . . 2 2 3 1 2 Traps | -11 -10 -10 -10 -9 -8 -7 -6 -6 -6 -5 -5 -5 -5 -5 -4 -4 -4 -4 -3 -3 -3 -2 -2 ------- Run | Scr Mat Min Exi Min Mat Fac Fac Low Low Fac Ext Cet Arc Hub Fac Upp Upp Zhi Pro Res Qua Res Tes Traps Triggered 18 | . 5 . . . 3 2 . . . . 1 . . 1 1 . . . . . . 4 1 Indirectly . | . . . . . . . . . . . . . . . . . . . . . . . . Trap Hack Attempts 49 | . . . . . 12 37 . . . . . . . . . . . . . . . . . Triggered . | . . . . . . . . . . . . . . . . . . . . . . . . Disarmed . | . . . . . . . . . . . . . . . . . . . . . . . . Reprogrammed 11 | . . . . . 5 6 . . . . . . . . . . . . . . . . . Reused 2 | . . . . . 1 1 . . . . . . . . . . . . . . . . . Traps Extracted . | . . . . . . . . . . . . . . . . . . . . . . . . Installed . | . . . . . . . . . . . . . . . . . . . . . . . . Triggered 4 | . . . . . 1 1 1 . . . 1 . . . . . . . . . . . . Machines | -11 -10 -10 -10 -9 -8 -7 -6 -6 -6 -5 -5 -5 -5 -5 -4 -4 -4 -4 -3 -3 -3 -2 -2 ---------- Run | Scr Mat Min Exi Min Mat Fac Fac Low Low Fac Ext Cet Arc Hub Fac Upp Upp Zhi Pro Res Qua Res Tes Machines Disabled 17 | . . . . . . 2 1 . . . 1 . . 4 6 . . . . . 3 . . Max in Single Turn 4 | . . . . . . 2 1 . . . . . . 4 4 . . . . . 1 . . Garrison Access 2 | . . . . . . 1 1 . . . . . . . . . . . . . . . . Network Hub 1 | . . . . . . . . . . . . . . 1 . . . . . . . . . Machines Sabotaged . | . . . . . . . . . . . . . . . . . . . . . . . . Garrisons Compromised . | . . . . . . . . . . . . . . . . . . . . . . . . Overloaded Fab Kills . | . . . . . . . . . . . . . . . . . . . . . . . . Fab Network Shutdowns . | . . . . . . . . . . . . . . . . . . . . . . . . Hacking | -11 -10 -10 -10 -9 -8 -7 -6 -6 -6 -5 -5 -5 -5 -5 -4 -4 -4 -4 -3 -3 -3 -2 -2 --------- Run | Scr Mat Min Exi Min Mat Fac Fac Low Low Fac Ext Cet Arc Hub Fac Upp Upp Zhi Pro Res Qua Res Tes Machines Accessed 72 | . 9 . 1 2 6 11 10 1 . 3 10 1 . 1 1 . 1 4 1 3 5 1 1 Terminals 51 | . 7 . . 1 5 5 7 . . 2 10 1 . 1 1 . 1 . 1 2 5 1 1 Fabricators 2 | . . . . . . . 1 . . 1 . . . . . . . . . . . . . Repair Stations 7 | . 1 . . . 1 3 1 . . . . . . . . . . . . 1 . . . Recycling Units 2 | . 1 . . . . 1 . . . . . . . . . . . . . . . . . Scanalyzers 1 | . . . . . . 1 . . . . . . . . . . . . . . . . . Garrison Access 2 | . . . . . . 1 1 . . . . . . . . . . . . . . . . Total Hacks 226 | . 27 . 1 4 21 40 30 1 . 12 20 3 . 2 6 . 1 17 1 9 22 5 4 Successful 148 | . 22 . 1 3 12 27 19 1 . 7 13 1 . 1 2 . 1 17 1 5 11 2 2 Failed 78 | . 5 . . 1 9 13 11 . . 5 7 2 . 1 4 . . . . 4 11 3 2 Catastrophic 5 | . . . . . . . 1 . . . 1 . . . 1 . . . . . 1 . 1 Database Lockouts . | . . . . . . . . . . . . . . . . . . . . . . . . Manual 102 | . 19 . . 3 14 16 15 . . 6 9 . . 1 4 . . . . 2 13 . . Terminals 159 | . 20 . . 3 17 17 23 . . 9 20 3 . 2 6 . 1 . 1 6 22 5 4 Fabricators 5 | . . . . . . . 2 . . 3 . . . . . . . . . . . . . Repair Stations 28 | . 2 . . . 4 15 4 . . . . . . . . . . . . 3 . . . Recycling Units 8 | . 5 . . . . 3 . . . . . . . . . . . . . . . . . Scanalyzers 4 | . . . . . . 4 . . . . . . . . . . . . . . . . . Garrison Access 2 | . . . . . . 1 1 . . . . . . . . . . . . . . . . Terminal Hacks 81 | . 12 . 1 3 2 6 9 1 . 3 9 1 . 1 1 . 1 17 1 2 7 2 2 Record 12 | . . . 1 . . . . . . . . . . . . . 1 5 1 . 3 1 . Part Schematic 10 | . 2 . . . . 1 1 . . . . . . . . . . 4 . . . . 2 Robot Analysis 7 | . 3 . . . . . . . . . . . . . . . . 4 . . . . . Prototype ID Bank 4 | . . . . . . . . . . . . . . . . . . 4 . . . . . Open Door 10 | . . . . 1 . . . 1 . . 6 1 . . . . . . . 1 . . . Level Access Points 7 | . 1 . . 1 1 1 . . . 1 . . . 1 1 . . . . . . . . Branch Access Points 6 | . 1 . . . 1 . 1 . . . 1 . . . . . . . . 1 . 1 . Emergency Access Points 1 | . . . . . . . 1 . . . . . . . . . . . . . . . . Machine Index 2 | . . . . . . . 1 . . . 1 . . . . . . . . . . . . Terminal Index 5 | . 1 . . . . 1 1 . . 1 . . . . . . . . . . 1 . . Fabricator Index 1 | . . . . . . 1 . . . . . . . . . . . . . . . . . Alert Level 6 | . 2 . . . . 1 1 . . . 1 . . . . . . . . . 1 . . Unreport Threat 4 | . 1 . . 1 . 1 . . . . . . . . . . . . . . 1 . . Locate Traps 1 | . . . . . . . . . . 1 . . . . . . . . . . . . . Recall Reinforcements 1 | . . . . . . . 1 . . . . . . . . . . . . . . . . Hauler Manifests 1 | . . . . . . . 1 . . . . . . . . . . . . . . . . Zone Layout 3 | . 1 . . . . . 1 . . . . . . . . . . . . . 1 . . Fabricator Hacks 4 | . . . . . . . 2 . . 2 . . . . . . . . . . . . . Load Schematic 2 | . . . . . . . 1 . . 1 . . . . . . . . . . . . . Build 2 | . . . . . . . 1 . . 1 . . . . . . . . . . . . . Repair Station Hacks 26 | . 2 . . . 4 14 4 . . . . . . . . . . . . 2 . . . Scan Component 13 | . 1 . . . 2 7 2 . . . . . . . . . . . . 1 . . . Repair 13 | . 1 . . . 2 7 2 . . . . . . . . . . . . 1 . . . Recycling Unit Hacks 2 | . 1 . . . . 1 . . . . . . . . . . . . . . . . . Retrieve Components 2 | . 1 . . . . 1 . . . . . . . . . . . . . . . . . Scanalyzer 4 | . . . . . . 4 . . . . . . . . . . . . . . . . . Insert Component 2 | . . . . . . 2 . . . . . . . . . . . . . . . . . Analyze 2 | . . . . . . 2 . . . . . . . . . . . . . . . . . Garrison Access Hacks 2 | . . . . . . 1 1 . . . . . . . . . . . . . . . . Seal Access 2 | . . . . . . 1 1 . . . . . . . . . . . . . . . . Unauthorized Hacks 29 | . 7 . . . 6 1 3 . . 2 4 . . . 1 . . . . 1 4 . . Terminals 28 | . 6 . . . 6 1 3 . . 2 4 . . . 1 . . . . 1 4 . . Track 1 | . 1 . . . . . . . . . . . . . . . . . . . . . . Assimilate 2 | . . . . . . . . . . . . . . . . . . . . 1 1 . . Botnet 22 | . 4 . . . 5 1 3 . . 2 3 . . . 1 . . . . . 3 . . Operators 3 | . 1 . . . 1 . . . . . 1 . . . . . . . . . . . . Fabricators . | . . . . . . . . . . . . . . . . . . . . . . . . Repair Stations . | . . . . . . . . . . . . . . . . . . . . . . . . Recycling Units 1 | . 1 . . . . . . . . . . . . . . . . . . . . . . Mask 1 | . 1 . . . . . . . . . . . . . . . . . . . . . . Scanalyzers . | . . . . . . . . . . . . . . . . . . . . . . . . Garrison Access . | . . . . . . . . . . . . . . . . . . . . . . . . Data Cores Recovered . | . . . . . . . . . . . . . . . . . . . . . . . . Used . | . . . . . . . . . . . . . . . . . . . . . . . . Hacking Detections 52 | . 7 . . 1 6 10 7 . . 2 8 1 . 1 1 . . . . 2 4 1 1 Full Trace Events 11 | . . . . . 2 3 1 . . . 2 1 . . . . . . . 1 1 . . Feedback Events 3 | . . . . . . 1 . . . . 1 1 . . . . . . . . . . . Corruption 3 | . . . . . . 1 . . . . 1 1 . . . . . . . . . . . Feedback Blocked . | . . . . . . . . . . . . . . . . . . . . . . . . Robot Schematics Acquired . | . . . . . . . . . . . . . . . . . . . . . . . . Robots Built . | . . . . . . . . . . . . . . . . . . . . . . . . Matter . | . . . . . . . . . . . . . . . . . . . . . . . . Time . | . . . . . . . . . . . . . . . . . . . . . . . . Total Robot Build Rating . | . . . . . . . . . . . . . . . . . . . . . . . . Part Schematics Acquired 12 | . 2 . . . . 3 1 . . . . . . . . . . 4 . . . . 2 Parts Built 3 | . . . . . . . 1 . . 2 . . . . . . . . . . . . . Matter 292 | . . . . . . . 146 . . 146 . . . . . . . . . . . . . Time 109 | . . . . . . . 73 . . 36 . . . . . . . . . . . . . Total Part Build Rating 9 | . . . . . . . 3 . . 6 . . . . . . . . . . . . . Parts Repaired 13 | . 1 . . . 2 7 2 . . . . . . . . . . . . 1 . . . Time 542 | . 26 . . . 92 318 88 . . . . . . . . . . . . 18 . . . Parts Recycled . | . . . . . . . . . . . . . . . . . . . . . . . . Recycled Matter . | . . . . . . . . . . . . . . . . . . . . . . . . Retrieved Matter . | . . . . . . . . . . . . . . . . . . . . . . . . Retrieved Components 15 | . 5 . . . . 10 . . . . . . . . . . . . . . . . . Parts Scanalyzed 2 | . . . . . . 2 . . . . . . . . . . . . . . . . . Part Schematics Acquired 2 | . . . . . . 2 . . . . . . . . . . . . . . . . . Parts Damaged . | . . . . . . . . . . . . . . . . . . . . . . . . Bothacking | -11 -10 -10 -10 -9 -8 -7 -6 -6 -6 -5 -5 -5 -5 -5 -4 -4 -4 -4 -3 -3 -3 -2 -2 ------------ Run | Scr Mat Min Exi Min Mat Fac Fac Low Low Fac Ext Cet Arc Hub Fac Upp Upp Zhi Pro Res Qua Res Tes Used RIF Installer . | . . . . . . . . . . . . . . . . . . . . . . . . Robots Hacked . | . . . . . . . . . . . . . . . . . . . . . . . . Non-combat . | . . . . . . . . . . . . . . . . . . . . . . . . Combat . | . . . . . . . . . . . . . . . . . . . . . . . . Robot Hacks Applied . | . . . . . . . . . . . . . . . . . . . . . . . . Relay Couplers Released 6 | . . . . . . . 2 . . . . . . . 4 . . . . . . . . Machine Destruction 2 | . . . . . . . 2 . . . . . . . . . . . . . . . . Programmers 4 | . . . . . . . . . . . . . . . 4 . . . . . . . . Robots Rewired 3 | . . . . . . . . . . . . . . . . . . . 1 . . . 2 Allies Hacked . | . . . . . . . . . . . . . . . . . . . . . . . . Hacks Repelled . | . . . . . . . . . . . . . . . . . . . . . . . . Allies | -11 -10 -10 -10 -9 -8 -7 -6 -6 -6 -5 -5 -5 -5 -5 -4 -4 -4 -4 -3 -3 -3 -2 -2 -------- Run | Scr Mat Min Exi Min Mat Fac Fac Low Low Fac Ext Cet Arc Hub Fac Upp Upp Zhi Pro Res Qua Res Tes Total Allies 17 | . . 1 . . . . . . . . 11 . . . . . . . 1 1 1 . 2 Largest Group 5 | . . 1 . . . . . . . . 5 4 . . . . . . 1 1 1 . 1 Highest-Rated Group 253 | . . 31 . . . . . . . . 253 129 . . . . . . 30 26 44 . 79 Highest-Rated Ally 156 | . . 31 . . . . . . . . 156 37 . . . . . . 30 26 44 . 79 Total Orders . | . . . . . . . . . . . . . . . . . . . . . . . . Ally Attacks 147 | . . . . . . . . . . . 116 23 . . . . . . 2 . . . 6 Total Damage 3768 | . . . . . . . . . . . 2896 342 . . . . . . 44 . . . 486 Kills 27 | . . . . . . . . . . . 22 4 . . . . . . . . . . 1 Allies Corrupted . | . . . . . . . . . . . . . . . . . . . . . . . . Allies Melted . | . . . . . . . . . . . . . . . . . . . . . . . . Intel | -11 -10 -10 -10 -9 -8 -7 -6 -6 -6 -5 -5 -5 -5 -5 -4 -4 -4 -4 -3 -3 -3 -2 -2 ------- Run | Scr Mat Min Exi Min Mat Fac Fac Low Low Fac Ext Cet Arc Hub Fac Upp Upp Zhi Pro Res Qua Res Tes Robot Analysis Total 7 | . 3 . . . . . . . . . . . . . . . . 4 . . . . . Derelict Logs Recovered 6 | . . 1 . . . . . 1 1 . . . . . . 2 1 . . . . . . Drone Launches . | . . . . . . . . . . . . . . . . . . . . . . . . Drone Recoveries . | . . . . . . . . . . . . . . . . . . . . . . . . Exploration | -11 -10 -10 -10 -9 -8 -7 -6 -6 -6 -5 -5 -5 -5 -5 -4 -4 -4 -4 -3 -3 -3 -2 -2 ------------- Run | Scr Mat Min Exi Min Mat Fac Fac Low Low Fac Ext Cet Arc Hub Fac Upp Upp Zhi Pro Res Qua Res Tes Turns Passed 16291 | 10 916 1111 576 357 1416 3382 1912 480 237 211 1544 135 30 469 946 772 609 64 174 279 395 121 145 Spaces Moved 9042 | 5 488 578 272 162 495 1180 804 577 43 155 600 109 43 164 463 567 421 138 302 361 554 303 258 Core 106 | . . . . . . . . . . . . . . 23 40 . . . 2 . 1 . 40 Treads 4257 | 5 488 578 272 162 495 1180 9 . . . . . . 66 340 351 311 . . . . . . Legs 9 | . . . . . . . . . . . . . . . . . . . . . . . 9 Wheels 58 | . . . . . . . . . . . . . . 58 . . . . . . . . . Hover 307 | . . . . . . . . . . . 138 109 43 17 . . . . . . . . . Flight 4305 | . . . . . . . 795 577 43 155 462 . . . 83 216 110 138 300 361 553 303 209 Fastest Speed 28 | 160 160 180 180 220 192 192 31 31 31 28 34 48 48 52 40 40 34 37 28 28 34 37 34 Average Speed 112 | 160 167 180 208 220 207 212 36 42 31 29 47 99 56 205 126 115 130 37 33 38 36 37 43 Slowest Speed 800 | 160 180 180 220 220 280 265 176 117 31 117 280 116 116 800 180 720 192 37 280 197 350 40 110 Overloaded Moves . | . . . . . . . . . . . . . . . . . . . . . . . . Propulsion Burnouts . | . . . . . . . . . . . . . . . . . . . . . . . . Robots Hopped 69 | . . . . . . . 5 1 . 1 4 . . . 1 1 . . 1 14 24 5 12 Cave-ins Triggered . | . . . . . . . . . . . . . . . . . . . . . . . . Teleports 1 | . . . . . . . . . . . . . . . . . . . . 1 . . . Exploration Rate (%) 45 | 2 79 98 59 46 55 25 30 86 12 3 75 59 64 18 18 67 65 60 57 16 60 13 36 Regions Visited 23 Branch Regions 15 Pre-discovered Areas 4 | . . . 1 . . . . . . . . . . . . . . 3 . . . . . Known Exits Taken 23 | 1 1 1 1 1 1 1 1 1 1 1 1 1 1 1 1 1 1 1 1 1 1 1 . Unknown Exits Taken . | . . . . . . . . . . . . . . . . . . . . . . . . Scrap Searched 8 | . . 1 . . . . . 2 . . . . . . . 1 3 . 1 . . . . Spaces Dug 13 | . . . . . . 3 9 . . 1 . . . . . . . . . . . . . Terrain Destroyed 570 | . . . . . . 22 16 . . 1 121 159 . 179 61 6 1 . 4 . . . . Melee 12 | . . . . . . 3 9 . . . . . . . . . . . . . . . . Projectile 34 | . . . . . . . . . . 1 . . . . 22 6 1 . 4 . . . . AOE 524 | . . . . . . 19 7 . . . 121 159 . 179 39 . . . . . . . . Terrain Rammed . | . . . . . . . . . . . . . . . . . . . . . . . . Walls Destroyed . | . . . . . . . . . . . . . . . . . . . . . . . . Machines Disabled . | . . . . . . . . . . . . . . . . . . . . . . . . Actions | -11 -10 -10 -10 -9 -8 -7 -6 -6 -6 -5 -5 -5 -5 -5 -4 -4 -4 -4 -3 -3 -3 -2 -2 --------- Run | Scr Mat Min Exi Min Mat Fac Fac Low Low Fac Ext Cet Arc Hub Fac Upp Upp Zhi Pro Res Qua Res Tes Total 14269 | 6 555 621 283 163 776 1916 2368 812 265 314 1819 120 48 232 664 646 453 149 348 474 660 303 274 Wait 4285 | . 28 20 . . 158 538 1471 234 223 134 1161 4 6 7 77 18 . . 12 93 100 . 1 Move 8888 | 4 487 577 271 161 494 1179 793 574 42 152 592 108 42 163 460 564 420 137 299 333 509 292 235 Hop 62 | . . . . . . . 5 1 . 1 3 . . . 1 1 . . 1 13 20 5 11 Pick Up 85 | . 11 3 9 2 15 19 9 2 . . 1 . . . 2 1 2 1 1 4 1 . 2 Fast Attach 163 | . 4 . 1 . 14 17 9 . . 6 11 1 . 14 19 17 6 6 8 10 8 2 10 Attach 64 | . . . . . 6 4 16 . . 5 4 . . 2 9 4 3 1 2 5 2 . 1 Detach 26 | . . . . . 1 2 8 . . 5 4 . . 1 . 2 1 1 . 1 . . . Swap 60 | 2 4 1 . . 12 14 5 . . 1 5 . . 2 8 2 1 . 2 . 1 . . Drop 117 | . 4 3 2 . 15 25 15 1 . 6 7 . . 5 8 1 8 3 1 9 4 . . Fire 316 | . 13 13 . . 48 58 13 . . 1 4 7 . 26 75 12 12 . 20 5 9 . . Melee 57 | . . . . . . 17 24 . . 3 12 . . . . . . . . . . . 1 Ram 21 | . . . . . . . . . . . . . . 12 . . . . . 1 6 . 2 Kick 4 | . . . . . . . . . . . . . . . . . . . . . . . 4 Crush 42 | . 4 4 . . 1 4 . . . . . . . . 5 24 . . . . . . . Escape Stasis 24 | . . . . . . 2 . . . . 15 . . . . . . . . . . 4 3 Rewire 6 | . . . . . . . . . . . . . . . . . . . 2 . . . 4 Trap 49 | . . . . . 12 37 . . . . . . . . . . . . . . . . . Miscellaneous . | . . . . . . . . . . . . . . . . . . . . . . . . Route ------- -11/Scrapyard -10/Materials (discovered 4 exits: *Mat x3 / *Min) -10/Mines (discovered 3 exits: *Mat x2 / *Exi) -10/Exiles -9/Mines (discovered 2 exits: *Mat x2) -8/Materials (discovered 3 exits: *Fac x3) -7/Factory (discovered 4 exits: *Fac x4) -6/Factory (discovered 3 exits: *Fac / *Low x2) -6/Lower Caves -6/Lower Caves -5/Factory (discovered 5 exits: Fac x4 / *Ext) -5/Extension (discovered 3 exits: *Fac x2 / *Cet) -5/Cetus -5/Archives -5/Hub_04(d) (discovered 4 exits: *Fac x4) -4/Factory (discovered 5 exits: Res x4 / *Upp) -4/Upper Caves -4/Upper Caves (discovered 2 exits: *Res / *Zhi) -4/Zhirov -3/Proximity Caves -3/Research (discovered 3 exits: Res / *Qua x2) -3/Quarantine -2/Research (discovered 2 exits: *Tes x2) -2/Testing History --------- Turn | Location | Event 4 | -11/Scrapyard | Identified exit to Materials 4 | -11/Scrapyard | Discovered exit to Materials (range 3) 11 | -11/Scrapyard | Entered Materials 11 | -10/Materials | Evolved 1 slot: Utility x1 302 | -10/Materials | Build established: Hacker-Mutant 351 | -10/Materials | Identified exit to Materials 521 | -10/Materials | Identified exit to Mines 606 | -10/Materials | Repaired Lgt. Treads 927 | -10/Materials | Entered Mines 929 | -10/Mines | Met a Derelict bent on vengeance 960 | -10/Mines | A weapon hastily lodged in a ceiling crevice suddenly fell to the ground 1086 | -10/Mines | Discovered exit to Materials (range 7) 1494 | -10/Mines | Received a Mining Laser from a helpful Derelict 1504 | -10/Mines | Learned Materials terminal intel 1570 | -10/Mines | Discovered exit to Materials (range 8) 2031 | -10/Mines | Deemed a non-threat by the Exiles lab entrance 2031 | -10/Mines | Identified exit to Exiles 2031 | -10/Mines | Discovered exit to Exiles (range 5) 2038 | -10/Mines | Entered Exiles 2083 | -10/Exiles | Met 8R-AWN 2112 | -10/Exiles | Met EX-HEX 2260 | -10/Exiles | Met EX-DEC 2440 | -10/Exiles | Learned location of Zion (-7) 2489 | -10/Exiles | Build established: Hauler-Mutant 2594 | -10/Exiles | Identified exit to Mines 2594 | -10/Exiles | Discovered exit to Mines (range 11) 2614 | -10/Exiles | Entered Mines 2622 | -9/Mines | Found the Drone Emporium 2632 | -9/Mines | Found Prototype Device 2659 | -9/Mines | Identified exit to Materials 2882 | -9/Mines | Received a Rocket Launcher from a helpful Derelict 2971 | -9/Mines | Entered Materials 2971 | -8/Materials | Evolved 4 slots: Utility x3, Weapon x1 2972 | -8/Materials | Loaded intel: 11 terminal locations 3437 | -8/Materials | Build established: Hauler-Skirmisher 4010 | -8/Materials | Repaired Imp. Treads 4072 | -8/Materials | Repaired Hvy. EM Shotgun 4125 | -8/Materials | Identified Decoy Drone Bay 4263 | -8/Materials | Identified exit to Factory 4387 | -8/Materials | Entered Factory 4387 | -7/Factory | Evolved 2 slots: Utility x2 4471 | -7/Factory | Garrison activated, responded to threat 4683 | -7/Factory | Build established: Hauler-Tank 4845 | -7/Factory | Repaired Hvy. EM Shotgun 5134 | -7/Factory | Repaired Hvy. EM Shotgun 5151 | -7/Factory | Repaired Med. Armor Plating 5685 | -7/Factory | Repaired Med. Armor Plating 5747 | -7/Factory | Repaired Hvy. EM Shotgun 5999 | -7/Factory | Repaired Hvy. EM Shotgun 6060 | -7/Factory | Repaired Hvy. EM Shotgun 6136 | -7/Factory | Identified exit to Factory 6620 | -7/Factory | Found Prototype Launcher 6620 | -7/Factory | Identified Rocket Array 6883 | -7/Factory | Build established: Hacker-Mutant 7273 | -7/Factory | Build established: Hacker-Skirmisher 7679 | -7/Factory | Build established: Hacker-Mutant 7769 | -7/Factory | Entered another Factory area 7769 | -6/Factory | Evolved 2 slots: Propulsion x2 7841 | -6/Factory | Identified exit to Lower Caves 8057 | -6/Factory | Build established: Hacker-Scout 8145 | -6/Factory | Repaired Lrn. Terrain Scanner 8191 | -6/Factory | Repaired Flak Gun 9459 | -6/Factory | Fabricated Adv. Sensor Array (x1) 9631 | -6/Factory | Identified exit to Factory 9631 | -6/Factory | Discovered exit to Factory (range 16) 9681 | -6/Factory | Entered Lower Caves 9903 | -6/Lower Caves | Attracted the attention of an 0b10 checkpoint 10034 | -6/Lower Caves | Encountered a Warlord checkpoint 10132 | -6/Lower Caves | Identified exit to Lower Caves 10132 | -6/Lower Caves | Discovered exit to Lower Caves (range 17) 10159 | -6/Lower Caves | Learned Factory emergency access door positions 10161 | -6/Lower Caves | Entered another Lower Caves area 10309 | -6/Lower Caves | Encountered a Warlord checkpoint 10310 | -6/Lower Caves | Discovered exit to Factory (range 19) 10314 | -6/Lower Caves | Learned 4 Factory zone layouts 10398 | -6/Lower Caves | Entered Factory 10398 | -5/Factory | Evolved 2 slots: Power x1, Propulsion x1 10399 | -5/Factory | Identified exit to Factory 10452 | -5/Factory | Fabricated Adv. Signal Interpreter (x2) 10548 | -5/Factory | Identified exit to Extension 10548 | -5/Factory | Discovered exit to Extension (range 21) 10609 | -5/Factory | Entered Extension 10622 | -5/Extension | Rescued a captive Derelict 10623 | -5/Extension | Rescued a captive Derelict 10700 | -5/Extension | Identified exit to Cetus 10907 | -5/Extension | Rescued A7 10932 | -5/Extension | Lost 3 parts (2n1u) 11190 | -5/Extension | Spotted B-75 Beast 11239 | -5/Extension | Allies destroyed B-75 Beast 11299 | -5/Extension | Rescued a captive Derelict 11299 | -5/Extension | Rescued a captive Derelict 11343 | -5/Extension | Discovered exit to Factory (range 24) 11443 | -5/Extension | Rescued a captive Derelict 11444 | -5/Extension | Rescued a captive Derelict 11605 | -5/Extension | Extracted ID and sensor layout for unrecognized location from A7's data core 11652 | -5/Extension | Rescued a captive Derelict 11653 | -5/Extension | Rescued a captive Derelict 11878 | -5/Extension | Rescued a captive Derelict 11880 | -5/Extension | Rescued a captive Derelict 11930 | -5/Extension | Discovered exit to Factory (range 10) 12153 | -5/Extension | Entered Cetus 12153 | -5/Cetus | Accompanied by 4 allies 12169 | -5/Cetus | Spotted Cetus Guard 12169 | -5/Cetus | Spotted Cetus Guard 12177 | -5/Cetus | Allies destroyed Cetus Guard 12177 | -5/Cetus | Spotted Cetus Guard 12177 | -5/Cetus | Spotted Cetus Guard 12189 | -5/Cetus | Allies destroyed Cetus Guard 12195 | -5/Cetus | Allies destroyed Cetus Guard 12196 | -5/Cetus | Destroyed Cetus Guard 12257 | -5/Cetus | Identified exit to Archives 12257 | -5/Cetus | Discovered exit to Archives (range 24) 12284 | -5/Cetus | P-70 Sage assimilated allied ZY-ITA(h) 12288 | -5/Cetus | Entered Archives 12302 | -5/Archives | Identified exit to Hub_04(d) 12302 | -5/Archives | Discovered exit to Hub_04(d) (range 15) 12318 | -5/Archives | Entered Hub_04(d) 12347 | -5/Hub_04(d) | Lost 9 parts (2p2n3u2w) 12766 | -5/Hub_04(d) | Network Hub disabled 12779 | -5/Hub_04(d) | Spotted B-75 Beast 12787 | -5/Hub_04(d) | Entered Factory 12787 | -4/Factory | Evolved 2 slots: Utility x2 12857 | -4/Factory | Identified exit to Research 13069 | -4/Factory | Build established: Scavenger-Tank 13449 | -4/Factory | Found Prototype Hackware 13449 | -4/Factory | Identified Exp. Hacking Suite 13459 | -4/Factory | Lost 6 parts (1n2u3w) 13461 | -4/Factory | Destroyed 9 combat bots 13522 | -4/Factory | Lost 4 parts (2n1u1w) 13572 | -4/Factory | First assault squad dispatched 13671 | -4/Factory | Released all parts (12) 13711 | -4/Factory | Lost 9 parts (2p3n4w) 13727 | -4/Factory | Identified exit to Upper Caves 13727 | -4/Factory | Discovered exit to Upper Caves (range 7) 13733 | -4/Factory | Entered Upper Caves 13737 | -4/Upper Caves | Learned Research emergency access door positions 13770 | -4/Upper Caves | Attracted the attention of an 0b10 checkpoint 13787 | -4/Upper Caves | Encountered a Warlord checkpoint 13805 | -4/Upper Caves | Core integrity fell below 50% 14104 | -4/Upper Caves | Lost 6 parts (1p1n1u3w) 14140 | -4/Upper Caves | Lost 3 parts (1n2u) 14346 | -4/Upper Caves | Learned location of 2 exits from Research 14415 | -4/Upper Caves | Build established: Scavenger-Gunner 14495 | -4/Upper Caves | Identified exit to Upper Caves 14495 | -4/Upper Caves | Discovered exit to Upper Caves (range 7) 14505 | -4/Upper Caves | Entered another Upper Caves area 14755 | -4/Upper Caves | Discovered exit to Research (range 14) 14838 | -4/Upper Caves | Learned Research terminal intel 15023 | -4/Upper Caves | Spotted B-86 Titan 15038 | -4/Upper Caves | Core integrity fell below 20% 15094 | -4/Upper Caves | Attracted the attention of an 0b10 checkpoint 15102 | -4/Upper Caves | Lost 5 parts (1p2n1u1w) 15111 | -4/Upper Caves | Identified exit to Zhirov 15111 | -4/Upper Caves | Discovered exit to Zhirov (range 7) 15114 | -4/Upper Caves | Entered Zhirov 15114 | -4/Zhirov | Identified exit to Proximity Caves 15114 | -4/Zhirov | Discovered exit to Proximity Caves (range 3) 15121 | -4/Zhirov | Met Zhirov 15129 | -4/Zhirov | Learned location of Quarantine (-3) 15129 | -4/Zhirov | Learned location of Testing (-2) 15129 | -4/Zhirov | Learned location of Command (-1) 15132 | -4/Zhirov | Zhirov requested help retrieving the SGEMP Prototype 15137 | -4/Zhirov | Found Alien Artifact 15137 | -4/Zhirov | Identified Integrated Dissipator 15137 | -4/Zhirov | Installed Integrated Dissipator, increased core heat dissipation (+20) 15145 | -4/Zhirov | Found Alien Artifact 15178 | -4/Zhirov | Entered Proximity Caves 15238 | -3/Proximity Caves | Lost 3 parts (2n1u) 15317 | -3/Proximity Caves | Lost 3 parts (1n1u1w) 15322 | -3/Proximity Caves | Spotted B-86 Titan 15350 | -3/Proximity Caves | Discovered exit to Research (range 10) 15352 | -3/Proximity Caves | Entered Research 15352 | -3/Research | Evolved 2 slots: Utility x2 15353 | -3/Research | Identified exit to Research 15353 | -3/Research | Identified exit to Quarantine 15355 | -3/Research | Loaded intel: 17 terminal locations 15395 | -3/Research | Repaired Mic. Fission Core 15563 | -3/Research | Identified Transdimensional Reconstructor 15563 | -3/Research | Warped through subspace 15602 | -3/Research | Lost 5 parts (4n1w) 15631 | -3/Research | Entered Quarantine 15680 | -3/Quarantine | Found Alien Artifact 15680 | -3/Quarantine | Identified Phase Armor 15691 | -3/Quarantine | Found Alien Artifact 15691 | -3/Quarantine | Identified Stasis Generator 15913 | -3/Quarantine | System corruption reached 10% 15937 | -3/Quarantine | Found Alien Artifact 15937 | -3/Quarantine | Identified Subatomic Replicator 16000 | -3/Quarantine | Lost 10 parts (3n3u4w) 16019 | -3/Quarantine | Discovered exit to Research (range 16) 16026 | -3/Quarantine | Entered Research 16026 | -2/Research | Evolved 2 slots: Utility x2 16038 | -2/Research | Identified exit to Testing 16111 | -2/Research | Build established: Hacker-Mutant 16147 | -2/Research | Entered Testing 16214 | -2/Testing | Lost 5 parts (1p3n1u) 16229 | -2/Testing | Spotted Striker 16230 | -2/Testing | Spotted Alpha 7 16231 | -2/Testing | Spotted Striker 16235 | -2/Testing | Spotted Alpha 7 16237 | -2/Testing | Stole the SGEMP Prototype 16252 | -2/Testing | Core integrity fell below 50% 16252 | -2/Testing | Spotted B8-M4W(K) 16252 | -2/Testing | Spotted RQ-UCC(K) 16257 | -2/Testing | Rewired B8-M4W(K) 16260 | -2/Testing | Rewired RQ-UCC(K) 16264 | -2/Testing | Found Hvy. Reflective Plating 16267 | -2/Testing | Allies destroyed Striker 16270 | -2/Testing | Scanned by Researcher 16286 | -2/Testing | Found Prototype Slashing Weapon 16286 | -2/Testing | Identified Particle Cleaver 16287 | -2/Testing | Core integrity fell below 20% 16292 | -2/Testing | Destroyed by X-82 Rainmaker with Heavy Flak Cannon Last Messages --------------- 16287_ H-88 Terminator knocked back. 16288_ Penetrated by Slug. 16288_ Slug penetrates H-88 Terminator. 16288_ Biometal Leg destroyed. 16288_ Particle Cleaver destroyed. 16288_ H-88 Terminator knocked back. 16288_ Penetrated by Slug. 16289_ Imp. Targeting Computer destroyed. 16289_ Slug penetrates Wall. 16289_ Slug penetrates X-82 Rainmaker. 16289_ Slug penetrates G-73 Enforcer. 16289_ Critical hit. 16289_ Faulty Exp. Coolant Injector destroyed. 16289_ Penetrated by Slug. 16290_ Acquired Prototype Piercing Weapon. 16290_ Identified Plasma Lance. 16291_ G-73 Enforcer destroyed. 16291_ Penetrated by Slug. 16291_ Slug penetrates Wall. 16292_ Acquired 10 matter. Map ----- +----------------------------------------------------+ | | | | | | | | | | | | | | | ?????????????????????????????????????????????????? | | ?????????????????????????????????????????????????? | | ?????????????????????#########???????????????????? | | ?????????????????????# ????????????????????? | | ??????????????######## #?##??????????????? | | ??????????????# # #"""??????????????? | | ??????????????# # #"" "?????????????? | | ??########????# """ # ?"" ""????????????? | | ??#""""""#????# """ # ??""" ????????????# | | ??#"" """#????# """ #? ????? "?????????????# | | ??#"" "####?# #? ?????? ?????????????# | | ??#"" ## #####+######/#########/############### | | ??#"" + | | ??#" + ] # | | ??#" ## ""######//########### # | | ??#""" ######???## h########### # | | ??##### #????????#T =ghh!=%%## !! """ """ # | | ??????####????????# %x*K xh!## !! """ """ # | | ??????????????????## x@h77!%## """ """ # | | ???????????????????#]]]########## # | | ???????????????????#####????????# + | | ????????????????????????????????######### ##### # | | ????????????????????????????????????????#+#???? # | | ??????????????????????????????????????????????? # | | ??????????????????????????????????????????????? # | | ??????????????????????????????????????????????? # | | ??????????????????????????????????????????????? # | | ??????????????????????????????????????????????? ? | | ?????????????????????????????????????????????# | | ?????????????????????????????????????????????# | | ?????????????????????????????????????????????# | | ?????????????????????????????????????????????#! | | ?????????????????????????????????????????????##??? | | ?????????????????????????????????????????????????? | | ?????????????????????????????????????????????????? | | ?????????????????????????????????????????????????? | | ?????????????????????????????? ######+########## | | ?????????????????????????????? | | ????????????????????????????? | | ????????????????????????????? | | ????????????????????????????? | | ????????????????????????????????????####### #### | | ??????????????????????????????????????????# #??# | +----------------------------------------------------+ Best States ------------- Heat Dissipation 93 Coolant Potential 160 Energy Generation 37 Energy Capacity 900 Matter Stores 300 Matter Capacity 300 Sight Range 20 Robot Scan Range 16 Terrain Scan Range 24 Terrain Scan Density 210 ECM Strength 3 Power Amplification 30 Additional Mass Support 9 Base Temperature (-) 200 Corruption Prevention 20 Armor Coverage 825 Resistance: KI 35 Resistance: TH 60 Resistance: EX 35 Resistance: EM 35 Resistance: I 35 Resistance: S 35 Resistance: P 35 Power Shielding 90 Propulsion Shielding 33 Utility Shielding 66 Evasion (%) 64 Targeting Accuracy 16 Melee Accuracy 8 Core Analysis 8 Armor Integrity Analysis 66 Recoil Reduction 5 Energy Filtering 30 Particle Charging 15 Offensive Hacking 36 Defensive Hacking 24 Item Schematics ----------------- Hcp. Storage Unit | -10/Materials | Hacked Med. Storage Unit | -10/Materials | Hacked Adv. Sensor Array | -7/Factory | Hacked Xenon Bombardment Thruster | -7/Factory | Scanalyzed Lrn. Terrain Scanner | -7/Factory | Scanalyzed Adv. Signal Interpreter | -6/Factory | Hacked Assault Drone Bay | -4/Zhirov | Free Exp. Heat Sink | -4/Zhirov | Free Exp. Optical Array | -4/Zhirov | Free Imp. Arc Thrower | -4/Zhirov | Free Com. Mass Driver | -2/Testing | Hacked Hvy. Hardcell Cannon | -2/Testing | Hacked Robot Schematics ------------------ None Fabricated ------------ Adv. Sensor Array | x1 | -6/Factory Adv. Signal Interpreter | x2 | -5/Factory Alien Tech Used ----------------- Integrated Dissipator Transdimensional Reconstructor Phase Armor Stasis Generator Subatomic Replicator Achievements -------------- None Challenges ------------ None Game ------ Seed IonBiocellCannon Manual? 0 Play Time 02:23:42 Cumulative 212.6 hours Start 2021.01.03 @ 10:26:02 End 2021.01.03 @ 13:11:43 Sessions 1 Manual Loads 0 Difficulty Explorer Special Mode None Game No. 177 Rogue 54 Adventurer 60 Explorer 63 Win Type - Total 11 Types 11/0/0/0/0/0/0/0/0 Lore% 69 Gallery% 79 Achievement% 61 Wizard Run 0 Options --------- ASCII 0 Keyboard 0 Movement Numpad Keybinds 0 Fullscreen 2 Font 18/TerminusBold Map View 76x50 Tactical HUD 1 Map Filters NONE Filters NONE Steam 1 RUN: 4a31151a-33af-4837-9df0-8b4f28c5009f